 Dungeon Crawl Stone Soup version 0.28.0-43-g3370ac3207 (webtiles) character file.

Game seed: 18027961306591555130

49 Murumi the Skirmisher (level 3, -3/39 HPs)
             Began as an Ogre Gladiator on Mar 26, 2022.
             Was a Believer of Lugonu.
             Slain by a quokka (4 damage)
             ... on level 1 of the Dungeon.
             The game lasted 00:03:26 (1153 turns).

Murumi the Skirmisher (Ogre Gladiator)              Turns: 1153, Time: 00:03:27

Health: -3/39      AC:  3    Str: 20    XL:     3   Next: 75%
Magic:  3/3        EV: 10    Int:  9    God:    Lugonu [**....]
Gold:   28         SH:  0    Dex: 10    Spells: 2/2 levels left

rFire   . . .      SeeInvis .   a - +0 flail
rCold   . . .      Faith    .   (no shield)
rNeg    . . .      Spirit   .   b - +0 robe
rPois   .          Reflect  .   c - +0 hat
rElec   .          Harm     .   (no cloak)
rCorr   .          Rampage  .   (gloves unavailable)
Will    .....                   (boots unavailable)
Stlth   +.........              (no amulet)
HPRegen 0.13/turn               (no ring)
MPRegen 0.08/turn               (no ring)

@: no status effects
A: large, unfitting armour, tough skin 1
a: Renounce Religion, Depart the Abyss, Bend Space


You were on level 1 of the Dungeon.
You worshipped Lugonu.
Lugonu was pleased with you.
You visited 1 branch of the dungeon, and saw 2 of its levels.

You collected 28 gold pieces.

Inventory:

Hand Weapons
 a - a +0 flail (weapon)
Missiles
 d - 3 throwing nets
 e - 7 stones (quivered)
Armour
 b - a +0 robe (worn)
 c - a +0 hat (worn)
Potions
 f - a potion of ambrosia {unknown}


   Skills:
 - Level 4.0 Fighting
 - Level 3.0 Maces & Flails
 - Level 2.0 Throwing
 + Level 0.7 Armour
 - Level 3.0 Dodging
 - Level 1.0 Invocations


You had 2 spell levels left.
You didn't know any spells.
Your spell library was empty.

Dungeon Overview and Level Annotations

Branches:
Dungeon (2/15)

Altars:
Lugonu


Innate Abilities, Weirdness & Mutations

You are too large for most types of armour.
You have tough skin. (AC +1)


Message History

The adder bites you but does no damage.
You closely miss the adder.
The adder is heavily wounded.
The adder bites you.
You are poisoned.
The adder poisons you! The adder bites you.
You hit the adder.
The adder is heavily wounded.
You feel sick. The adder bites you but does no damage.
The adder closely misses you.
You barely miss the adder.
The adder is heavily wounded.
You feel sick. The adder barely misses you.
You hit the adder.
The adder is severely wounded.
You feel sick.
You are no longer poisoned.
The adder bites you.
* * * LOW HITPOINT WARNING * * *
The adder bites you.
* * * LOW HITPOINT WARNING * * *
You barely miss the adder.
The adder is severely wounded.
The adder barely misses you. The adder closely misses you.
You hit the adder.
You kill the adder!
Lugonu accepts your kill. The quokka closely misses you.
You hit the quokka but do no damage. The quokka bites you.
* * * LOW HITPOINT WARNING * * *
You barely miss the quokka. The quokka bites you.
* * * LOW HITPOINT WARNING * * *
The quokka closely misses you.
You barely miss the quokka.
The quokka bites you but does no damage.
Okay, then.
You hit the quokka.
The quokka is severely wounded.
The quokka closely misses you. The quokka bites you.
You die...

# #.#..#..8≈8≈8.#.#..####.##.#
### #.#..#<.≈≈≈≈≈.....#####.##..
..## #.#..#..8≈8≈8.#.#.......###.
#..###....##.#####.#...###....##.
#.#...#.#.###.....##..#####.#....
.#♣#.#♣#..##########....#...#####
..#...#......## #.>....#.### #
#...#.^.#.#...####......#.# ##
♣#.#♣#.#♣#.#....@r.....##.# ####.
#...#...#..####.######.##.# #....
..#...#...#.# #..### #....###....
.#♣#.#♣#.#♣## ##...# ###.........
..#...#...#.# ###.## #.###.....
#...#...#..## #..####.# ##....
♣#.#♣#.#♣#.# ##...#..# #....
#.(.#...#.## ###...## #....
..#...#..## ##### #####


You could see a quokka.

Vanquished Creatures
  An adder (D:1)
  A dart slug (D:1)
  2 bats (D:1)
  3 endoplasms (D:1)
  2 giant cockroaches (D:1)
  2 goblins (D:1)
  A hobgoblin (D:1)
  6 jackals (D:1)
  4 kobolds (D:1)
  2 quokkas (D:1)
  4 ball pythons (D:1)
  3 frilled lizards (D:1)
  A rat (D:2)
  A spectral goblin (D:1)
33 creatures vanquished.

Notes
Turn   | Place    | Note
-------+----------+-------------------------------------------
     0 | D:1      | Murumi the Ogre Gladiator began the quest for the Orb.
     0 | D:1      | Reached XP level 1. HP: 22/22 MP: 1/1
    30 | D:1      | Reached skill level 3 in Fighting
   123 | D:1      | Reached XP level 2. HP: 29/31 MP: 2/2
   425 | D:1      | Found a faded altar of an unknown god.
   437 | D:1      | Prayed at the altar of an unknown god.
   437 | D:1      | Became a worshipper of Lugonu the Unformed
   437 | D:1      | Reached * piety under Lugonu
   437 | D:1      | Reached ** piety under Lugonu
   652 | D:1      | Reached XP level 3. HP: 37/39 MP: 3/3
   721 | D:1      | Reached skill level 4 in Fighting
  1025 | D:1      | Reached skill level 1 in Invocations
  1151 | D:1      | HP: 1/39 [quokka (4)]
  1153 | D:1      | Slain by a quokka

Illustrated notes

Levels and vault maps discovered:
D:1:      lightli_arrival_statue_moat, layout_rooms,
          dreamdust_ecumenical_altar_drowned_temple, kennysheep_doodads
D:2:      layout_rooms

Skill      XL: |  1  2  3 |
---------------+----------+-----
Fighting       | 3 4 |  4.0
Maces & Flails | 3 |  3.0
Dodging        | 3 |  3.0
Invocations    | 1 |  1.0
Throwing       | |  2.0
Armour         | |  0.7

Action                   || total
-------------------------++-------
Melee: Flail             ||    98
Throw: Stone             ||    42
  Use: Scroll            ||     1
 Stab: Sleeping          ||     2
Armor: Robe              ||    37
Dodge: Dodged            ||    60
